 Dungeon Crawl Stone Soup version 0.30-a0-643-g638baaf3f0 (webtiles) character file.

Game seed: 12657476763328309099

17999 Citaku the Protected (level 12, -13/106 (108) HPs)
             Began as a Minotaur Fighter on Jan 16, 2023.
             Mangled by an ettin
             ... wielding a +0 dire flail
              (28 damage)
             ... on level 1 of the Orcish Mines.
             The game lasted 00:24:39 (13053 turns).

Citaku the Protected (Minotaur Fighter)            Turns: 13053, Time: 00:24:40

HP:   -13/106 (108) AC: 25    Str: 26    XL:     12   Next: 23%
MP:   11/11         EV:  7    Int:  5    God:
Gold: 1654          SH:  6    Dex: 10    Spells: 11/11 levels left

rFire   . . .      SeeInvis .    C - +2 hand axe (heavy)
rCold   . . .      Faith    .    c - +0 buckler
rNeg    + . .      Spirit   .    D - +0 plate armour
rPois   .          Reflect  .    (helmet restricted)
rElec   .          Harm     .    x - +2 cloak
rCorr   +          Rampage  .    e - +2 pair of gloves {Stlth+}
Will    .....                    p - +0 pair of boots {Fly} Stlth
                                 (no amulet)
HPRegen 0.37/turn                l - ring of positive energy
MPRegen 0.12/turn                b - ring of resist corrosion

@: about to teleport, flying, lightly drained
A: horns 2, retaliatory headbutt
a: no special abilities


You were on level 1 of the Orcish Mines.
You visited 3 branches of the dungeon, and saw 15 of its levels.
You also visited: Bailey.

You collected 1849 gold pieces.
You spent 195 gold pieces at shops.

Inventory:

Hand Weapons
 C - a +2 heavy hand axe (weapon)
Missiles
 q - a throwing net (quivered)
Armour
 c - a +0 buckler (worn)
 e - a +2 pair of gloves of stealth (worn)
 p - a +0 pair of boots of flying (worn)
 x - a +2 cloak (worn)
 D - a +0 plate armour (worn)
Jewellery
 b - a ring of resist corrosion (right hand)
 l - a ring of positive energy (left hand)
Wands
 d - a wand of polymorph (7)
 o - a wand of mindburst (7)
 B - a wand of flame (20)
Scrolls
 f - 2 scrolls of poison
 g - 2 scrolls of teleportation
 j - 2 scrolls of enchant weapon
 k - 2 scrolls of brand weapon
 t - 2 scrolls of noise
 v - a scroll of identify
 w - a scroll of fog
 z - 2 scrolls of enchant armour
 A - 4 scrolls of amnesia
Potions
 h - 2 potions of lignification
 i - a potion of mutation
 m - 2 potions of curing
 n - a potion of invisibility
 r - 6 potions of flight
Miscellaneous
 u - a phantom mirror


   Skills:
 + Level 10.6 Fighting
 * Level 14.1 Axes
 * Level 14.4 Armour
 + Level 10.6 Shields


You had 11 spell levels left.
You didn't know any spells.
Your spell library contained the following spells:

 Spells                   Type           Power      Damage    Failure   Level
 Beastly Appendage        Tmut           0%         N/A       99%         1
 Cigotuvi's Dreadful Rot  Necr/Pois/Air  0%         N/A       100%        2
 Wereblood                Tmut           0%         N/A       100%        2
 Inner Flame              Hex/Fire       0%         N/A       100%        3
 Spider Form              Tmut/Pois      0%         N/A       100%        3
 Dispel Undead            Necr           0%         3d6       100%        4
 Flame Wave               Conj/Fire      0%         2d4       100%        4
 Sticky Flame             Conj/Fire      0%         2d3       100%        4
 Death Channel            Necr           0%         N/A       100%        6


Dungeon Overview and Level Annotations

Branches:
Dungeon (12/15)            Temple (1/1) D:4            Lair (0/5) D:8
    Orc (2/2) D:10         Bailey (visited)
    Elf: Orc:2

Altars:
Ashenzari
Cheibriados
Dithmenos
Elyvilon
Fedhas
Hepliaklqana
Kikubaaqudgha
Makhleb
Nemelex Xobeh
Okawaru
Qazlal
Ru
Sif Muna
Trog
Uskayaw
Vehumet
Wu Jian
Xom
Yredelemnul
Zin

Shops:
D:7 *

Annotations:
D:1 2 transporters
D:8 3 runed translucent doors
D:10 exclusion: orange crystal statue
D:12 Nessos


Innate Abilities, Weirdness & Mutations

You have a pair of horns on your head.
You reflexively headbutt those who attack you in melee.


Message History

The ettin hits you with a +0 dire flail!!
* * * LOW HITPOINT WARNING * * *
The ettin hits you with a +0 dire flail!!
* * * LOW HITPOINT WARNING * * *
You are too injured to fight recklessly!
Okay, then.
Okay, then.
Blink to where?
Press: ? - help, Dir - move target
As you read the scroll of blinking, it crumbles to dust.
Aiming: Throw Flame
Press: ? - help, Shift-Dir - straight line, f - ettin
Aim: an ettin, wielding two +0 dire flails (translocational energy, moderately wounded, 93% to hit)
The puff of flame hits the orc warrior but does no damage.
The orc warrior is severely wounded.
Aiming: Throw Flame
Press: ? - help, Shift-Dir - straight line, f/p - ettin
Aim: an ettin, wielding two +0 dire flails (moderately wounded, 93% to hit)
The puff of flame hits the orc warrior but does no damage.
The orc warrior is severely wounded.
Aiming: Throw Flame
Press: ? - help, Shift-Dir - straight line, f/p - ettin
Aim: an ettin, wielding two +0 dire flails (moderately wounded, 93% to hit)
The puff of flame hits the orc warrior.
The orc warrior is severely wounded.
Aiming: Mindburst
Press: ? - help, Shift-Dir - straight line, f - orc warrior, p - ettin
Aim: an orc warrior, wielding a +0 short sword and wearing a +0 plate armour (severely wounded, chance to affect: 64%)
The orc warrior's mind is blasted!!
You blow up the orc warrior!
Aiming: Mindburst
Press: ? - help, Shift-Dir - straight line, f - ettin
Aim: an ettin, wielding two +0 dire flails (moderately wounded, chance to affect: 47%)
The ettin resists with some effort.
Okay, then.
As you read the scroll of teleportation, it crumbles to dust.
You feel strangely unstable. The ettin attacks as you move away!
The ettin hits you with a +0 dire flail!!
You die...

##.##..........#.......###
#####........#.........#
##............#.#.##
#.#.........####.##
####........###...#
######.......##.#.##
###.#..#.....###...##
##..............##.##
#...........@.......#
##.........#.C.....##
###.#......##.).....##
##........###.........###
#..........####.........#
####........#..........##
#...............[[[##
##......)........>##
###...)).......)##


You could see an ettin.

Vanquished Creatures
  Erolcha (D:9)
  Erica (D:8)
  A two-headed ogre (D:10)
  Pikel (D:7)
  A deep elf pyromancer (D:12)
  2 orc sorcerers
  An orc knight (D:10)
  Joseph (D:7)
  A gargoyle (D:11)
  Maggie (D:9)
  An unseen horror (D:11)
  A kobold demonologist (D:10)
  2 komodo dragons
  3 trolls
  Prince Ribbit (D:5)
  A hornet (D:7)
  Sigmund (D:6)
  4 wyverns
  A shadow (D:11)
  A water elemental (D:11)
  A wraith (D:7)
  Eustachio (D:5)
  12 yaks
  4 vampire mosquitoes (D:10)
  A steam dragon (D:8)
  Menkaure (D:6)
  3 wargs
  Edmund (D:6)
  4 water moccasins
  Duvessa (D:4)
  2 black bears (D:6)
  22 orc warriors
  2 sky beasts (D:6)
  2 ice beasts (D:8)
  2 centaurs
  4 ogres
  3 lemures (D:7)
  5 kobold brigands
  Blork the orc (D:5)
  2 gnoll sergeants
  5 bullfrogs
  A scorpion (D:7)
  3 necrophages (D:6)
  2 wights (D:6)
  Dowan (D:4)
  5 killer bees (D:9)
  3 electric eels (D:11)
  2 jellies (D:6)
  5 howler monkeys
  2 gnoll boudas
  Crazy Yiuf (D:4)
  8 orc priests
  7 hounds
  2 iguanas
  Natasha (thrice) (D:2)
  15 orc wizards
  Terence (D:3)
  23 gnolls
  9 adders
  3 shadow imps
  3 white imps
  2 ufetubi
  A dart slug (D:2)
  72 orcs
  2 ball pythons
  4 bats
  8 endoplasms
  15 goblins
  8 hobgoblins
  6 quokkas
  A frilled lizard (D:1)
  44 kobolds
  3 rats
371 creatures vanquished.

Vanquished Creatures (others)
  A kobold (D:11)
  4 plants (D:8)
5 creatures vanquished.

Grand Total: 376 creatures vanquished

Notes
Turn   | Place    | Note
-------+----------+-------------------------------------------
     0 | D:1      | Citaku the Minotaur Fighter began the quest for the Orb.
     0 | D:1      | Reached XP level 1. HP: 19/19 MP: 0/0
   198 | D:1      | Reached XP level 2. HP: 27/27 MP: 1/1
   522 | D:2      | Noticed Natasha
   532 | D:2      | Killed Natasha
   533 | D:2      | Reached XP level 3. HP: 31/33 MP: 2/2
   727 | D:2      | Identified the +5 mace of Foteocw {antimagic, Str+3}
   917 | D:2      | Noticed Natasha
   919 | D:2      | Killed Natasha
   920 | D:2      | Reached XP level 4. HP: 38/40 MP: 3/3
  1076 | D:2      | Noticed Natasha
  1277 | D:3      | Reached XP level 5. HP: 45/46 MP: 4/4
  1405 | D:3      | Noticed Terence
  1412 | D:3      | Killed Terence
  1413 | D:3      | Reached skill level 5 in Armour
  1824 | D:4      | Found a staircase to the Ecumenical Temple.
  1834 | D:4      | Reached XP level 6. HP: 51/53 MP: 5/5
  1839 | Temple   | Entered the Ecumenical Temple
  2255 | D:4      | Noticed Duvessa
  2256 | D:4      | Noticed Dowan
  2261 | D:4      | Killed Dowan
  2262 | D:4      | Reached skill level 5 in Axes
  2265 | D:4      | Killed Duvessa
  2304 | D:4      | Found a runed translucent door.
  2305 | D:4      | Noticed Crazy Yiuf
  2350 | D:4      | Killed Crazy Yiuf
  2401 | D:5      | Entered Level 5 of the Dungeon
  2405 | D:5      | Reached skill level 5 in Fighting
  2405 | D:5      | Reached skill level 5 in Shields
  2413 | D:5      | Reached XP level 7. HP: 61/61 MP: 6/6
  2456 | D:5      | Found a sparkling altar of Nemelex Xobeh.
  2474 | D:5      | Noticed Eustachio
  2477 | D:5      | Noticed Prince Ribbit
  2486 | D:5      | Killed Prince Ribbit
  2495 | D:5      | Killed Eustachio
  2548 | D:5      | Noticed Blork the orc
  2554 | D:5      | Killed Blork the orc
  2555 | D:5      | Reached XP level 8. HP: 67/70 MP: 7/7
  2815 | D:5      | Found a bloodstained altar of Trog.
  2815 | D:5      | Found an ornate altar of the Wu Jian Council.
  2918 | D:6      | Noticed Edmund
  2932 | D:6      | Killed Edmund
  3200 | D:6      | Noticed Sigmund
  3214 | D:6      | Killed Sigmund
  3281 | D:6      | Reached XP level 9. HP: 61/78 MP: 8/8
  3497 | D:6      | Found a sacrificial altar of Ru.
  3747 | D:6      | Reached skill level 10 in Armour
  3819 | D:6      | Noticed Menkaure
  3823 | D:6      | Killed Menkaure
  4422 | D:7      | Found Moiczog's Assorted Antiques.
  4438 | D:7      | Bought a pair of embroidered gloves for 195 gold pieces
  4583 | D:7      | Noticed Joseph
  4608 | D:7      | Killed Joseph
  4609 | D:7      | Reached skill level 10 in Axes
  4841 | D:7      | Reached XP level 10. HP: 86/88 MP: 9/9
  5086 | D:7      | Noticed Pikel
  5097 | D:7      | Killed Pikel
  5557 | D:8      | Found a staircase to the Lair.
  5689 | D:8      | Noticed Erica
  5700 | D:8      | Killed Erica
  5886 | D:8      | Found a flagged portal.
  5894 | Bailey   | Entered a bailey
  6051 | Bailey   | Identified the +2 leather armour "Ciadghur" {Regen+ Str+4
                  | Dex+2}
  6838 | D:8      | Found a runed translucent gate.
  6838 | D:8      | Found a runed translucent gate.
  6838 | D:8      | Noticed a purple ugly thing
  6838 | D:8      | Noticed a white ugly thing
  6839 | D:8      | Found a runed translucent gate.
  6839 | D:8      | Noticed a brown ugly thing
  6839 | D:8      | Noticed a white ugly thing
  6839 | D:8      | Noticed a purple ugly thing
  6840 | D:8      | Noticed a red ugly thing
  6982 | D:9      | Noticed Maggie
  6991 | D:9      | Killed Maggie
  6992 | D:9      | Reached XP level 11. HP: 81/97 MP: 10/10
  7226 | D:9      | Noticed Erolcha
  7983 | D:10     | Entered Level 10 of the Dungeon
  8038 | D:10     | Noticed an orange crystal statue
  8553 | D:10     | Noticed a two-headed ogre
  8562 | D:10     | Killed a two-headed ogre
  8925 | D:10     | Found a staircase to the Orcish Mines.
  9388 | D:2      | Killed Natasha
  9502 | D:9      | Killed Erolcha
  9503 | D:9      | Reached skill level 10 in Fighting
 10197 | D:11     | Reached skill level 10 in Shields
 10644 | D:11     | Identified the ring of the Reasonable God {Wiz rC- Will-
                  | Int+7 Dex+9}
 11088 | D:12     | Noticed a deep elf pyromancer
 11241 | D:12     | Killed a deep elf pyromancer
 11242 | D:12     | Noticed Nessos
 11650 | Orc:1    | Entered Level 1 of the Orcish Mines
 11751 | Orc:1    | Noticed an orc knight
 11788 | D:10     | Killed an orc knight
 11789 | D:10     | Reached XP level 12. HP: 71/107 MP: 11/11
 12805 | Orc:2    | Entered Level 2 of the Orcish Mines
 12810 | Orc:2    | Paralysed by an orc sorcerer for 5 turns
 13002 | Orc:2    | Noticed an ettin
 13053 | Orc:1    | Mangled by an ettin

Illustrated notes

Levels and vault maps discovered:
D:1:      spicycebolla_arrival_transporter_tutorial, layout_rooms
D:2:      layout_basic, uniq_natasha
D:3:      layout_loops_cross, uniq_terence
D:4:      layout_rooms, minmay_temple_entry_hall, uniq_crazy_yiuf_cottage,
          uniq_duvessa
D:5:      layout_rooms, nicolae_overflow_hidden_temple,
          overflow_temple_1_default, uniq_prince_ribbit1, uniq_eustachio,
          uniq_blork_the_orc
D:6:      minmay_polygon_palace, layout_basic, lemuel_doored_altar,
          minmay_misc_feat_diagonals, grunt_ministairs_9, minmay_liquid_box,
          minmay_misc_feat_cross, minmay_bent, uniq_sigmund, uniq_menkaure,
          uniq_edmund
D:7:      layout_gridville, serial_shops, shop, minmay_misc_feat_iff,
          uniq_pikel, uniq_joseph
D:8:      layout_loops_ring, david_lair_shrubbed, enter_bailey_3,
          ploomutoo_gammafunk_ghost_potion_laboratory, uniq_erica
D:9:      layout_loops_cross, serial_aquarium, aquarium_bridge_island_small
          [aquarium_subvault_small_open, aquarium_subvault_bridge,
          aquarium_subvault_bridge, aquarium_subvault_window,
          aquarium_subvault_window], aquarium_bridge_square
          [aquarium_subvault_window, aquarium_subvault_wall,
          aquarium_subvault_wall, aquarium_subvault_bridge], aquarium_window_1,
          aquarium_window_2, aquarium_view_2b, aquarium_balcony_3b,
          aquarium_pool_2, uniq_maggie, uniq_erolcha
D:10:     layout_long_grid, david_orc_4, minivault_16
D:11:     layout_basic
D:12:     layout_cave_pods, minmay_fractal_squares_5, uniq_rupert, uniq_nessos,
          uniq_jorgrun
Temple:   nicolae_temple_slightly_damp_pantheon
Orc:1:    layout_diamond_mine, basic_altar
Orc:2:    kennysheep_orc_mage_school, layout_caves, nicolae_orc_crystal_geode

Skill      XL: |  1  2  3  4  5  6  7  8  9 10 11 12 |
---------------+-------------------------------------+-----
Armour         | 4 5 6 7 9 10 12 14 | 14.4
Axes           | 3 4 5 6 8 10 12 13 14 | 14.1
Fighting       | 4 5 6 7 9 10 | 10.6
Shields        | 4 5 6 7 9 10 | 10.6

Action                   |  1- 3 |  4- 6 |  7- 9 | 10-12 || total
-------------------------+-------+-------+-------+-------++-------
Melee: War axe           |    77 |    99 |   240 |   524 ||   940
       Headbutt          |     7 |    16 |    36 |   118 ||   177
       Hand axe          |       |       |       |    38 ||    38
Throw: Throwing net      |       |       |       |     1 ||     1
Evoke: Wand              |       |       |       |     5 ||     5
  Use: Potion            |       |     2 |    12 |     5 ||    19
       Scroll            |       |       |    13 |     8 ||    21
 Stab: Distracted        |       |       |       |     1 ||     1
       Invisible         |       |       |       |     4 ||     4
Armor: Scale mail        |    41 |    46 |     7 |       ||    94
       Ring mail         |       |       |   115 |    81 ||   196
       Chain mail        |       |       |       |   248 ||   248
       Plate armour      |       |       |       |     9 ||     9
Dodge: Dodged            |    24 |    36 |    97 |   240 ||   397
Block: Buckler           |    21 |    24 |    60 |   177 ||   282

Table legend: (Time is in decaauts)
 A = Elapsed time spent in this place.
 B = Non-inter-level travel time spent in this place.
 C = Inter-level travel time spent in this place.
 D = Time resting spent in this place.
 E = Time spent auto-exploring this place.
 F = Levels seen in this place.
 G = Mean time per level.
                   A        B        C        D        E       F      G
               +--------+--------+--------+--------+--------+-----+--------+
         Total |  13108 |  12183 |    925 |   2798 |   6816 |  16 |  819.2 |
       Dungeon |  11471 |  10574 |    897 |   2337 |   6229 |  12 |  955.9 |
        Temple |    199 |    172 |     27 |      0 |    147 |   1 |  199.0 |
  Orcish Mines |    829 |    829 |      0 |    268 |    324 |   2 |  414.5 |
        Bailey |    607 |    607 |      0 |    193 |    116 |   1 |  607.0 |
               +--------+--------+--------+--------+--------+-----+--------+

Top non-repeatable levels by time:
    D:10: 1918 daAuts
    D:11: 1678 daAuts
     D:6: 1601 daAuts
     D:9: 1191 daAuts
     D:8: 1172 daAuts
     D:7: 919 daAuts
   Orc:1: 810 daAuts
     D:4: 658 daAuts
     D:2: 627 daAuts
     D:3: 611 daAuts
  Bailey: 607 daAuts
     D:5: 578 daAuts
     D:1: 491 daAuts
  Temple: 199 daAuts
    D:12: 20 daAuts
